 Dungeon Crawl Stone Soup version 0.31-a0-369-g8eba5f6939 (webtiles) character file.

Game seed: 14002224680951868798

145 LeprechaunX the Ruffian (level 5, 0/52 HPs)
             Began as an Octopode Shapeshifter on July 28, 2023.
             Killed from afar by Ijyb (9 damage)
             ... with a bolt of light
             ... on level 4 of the Dungeon.
             The game lasted 00:02:23 (2065 turns).

LeprechaunX the Ruffian (Octopode Shapeshifter)     Turns: 2065, Time: 00:02:24

Health: 0/52       AC: 22    Str: 16    XL:     5   Next: 27%
Magic:  5/5        EV:  2    Int: 10    God:
Gold:   139        SH:  0    Dex: 13    Spells: 4/4 levels left

rFire   . .          .
                       - Unarmed
rCold   . . .        (no shield)
rNeg    . . .        (helmet currently unavailable)
rPois   +            (no amulet)
rElec   .            (no ring)
rCorr   .            (no ring)
SInv    .            (no ring)
Will    .....        (no ring)
Stlth   +            (no ring)
HPRegen 0.28/turn    (no ring)
MPRegen 0.09/turn    (no ring)
                     (no ring)

%: no passive effects
@: tree-form
A: stationary, stasis, torment immunity, boosted hp, almost no armour,
(amphibious), 8 rings, (camouflage 1), (gelatinous body 1), (nimble swimmer 1),
(tentacles)
a: no special abilities


You were on level 4 of the Dungeon.
You were a tree.
You visited 1 branch of the dungeon, and saw 4 of its levels.

You collected 139 gold pieces.

Inventory:

Talismans
 b - a beast talisman
Scrolls
 c - 4 scrolls of teleportation {unknown}
 d - a scroll of summoning {unknown}
 e - 2 scrolls of noise {unknown}
 f - a scroll of revelation {unknown}
 i - a scroll of enchant weapon {unknown}
 k - a scroll of identify {unknown}
Potions
 g - a potion of curing
 h - a potion of brilliance {unknown}
 j - a potion of mutation {unknown}
 l - a potion of degeneration {unknown}


   Skills:
 + Level 2.5 Fighting
 - Level 2.0 Dodging
 * Level 4.6 Unarmed Combat
 + Level 3.6 Shapeshifting


You had 4 spell levels left.
You didn't know any spells.
Your spell library contained the following spells:

 Spells                   Type           Power      Damage    Failure   Level
 Sandblast                Erth           0%         2d4       36%         1
 Passwall                 Tmut/Erth      0%         N/A       50%         2
 Stone Arrow              Conj/Erth      0%         3d7       75%         3


Dungeon Overview and Level Annotations

Branches:
Dungeon (4/15)
 Temple: D:4-7

Altars:
Nemelex Xobeh
Uskayaw

Annotations:
D:4 Ijyb


Innate Abilities, Weirdness & Mutations

You are a tree.
Your roots penetrate the ground, keeping you stationary.
You cannot be teleported.
You are immune to unholy pain and torment.
Your maximum health is greatly increased.
You cannot wear most types of armour.
((You are amphibious.))
You can wear up to eight rings at the same time.
((Your skin changes colour to match your surroundings (Stealth+).))
((Your rubbery body absorbs attacks. (AC +1, EV +1)))
((You are camouflaged when in or above water. (Stealth+)))
((You have tentacles for arms and can constrict up to eight enemies at once.))


Message History

Really quaff the potion of lignification?
Uppercase [Y]es or [N]o only, please.
Really quaff the potion of lignification?
Your transformation has ended.
You turn into a tree.
Your roots penetrate the ground.
The +2 spectral club hits you but does no damage.
Ijyb hits you but does no damage.
The +2 spectral club hits you but does no damage.
The +2 spectral club hits you.
* * * LOW HITPOINT WARNING * * *
You closely miss Ijyb. The +2 spectral club barely misses you.
Ijyb hits you but does no damage.
The +2 spectral club hits you but does no damage.
Unknown command.
You smack Ijyb!
Ijyb is heavily wounded.
The +2 spectral club hits you but does no damage.
Ijyb hits you but does no damage.
The +2 spectral club completely misses you.
You hit Ijyb.
Ijyb is severely wounded.
Ijyb screams, "You nasty!
Big nasty!"
Ijyb zaps a wand.
The bolt of light hits you but does no damage.
You completely miss Ijyb.
Ijyb is severely wounded.
The +2 spectral club disappears.
Ijyb hits you but does no damage. The +2 spectral club hits you.
* * * LOW HITPOINT WARNING * * *
A +2 spectral club comes into view.
You completely miss Ijyb.
Ijyb is severely wounded.
The +2 spectral club hits you but does no damage.
Ijyb hits you but does no damage.
The +2 spectral club hits you but does no damage.
You hit Ijyb.
Ijyb is severely wounded.
The +2 spectral club hits you but does no damage. x2
Ijyb zaps a wand.
The bolt of light hits you!
You die...

.........
........#########
.......#........
#.....#.......#
#.....#......>#
#.....#.......#
#.....#.......#
#.....'♣g.....#
#.....#.(.....#
###.....#####+###.
..................#
#.................#
#.................+
#.................#
#.................#
#.................#


You could see a +2 spectral club and Ijyb.

Vanquished Creatures
  A jelly (D:3)
  An orc priest (D:3)
  2 adders
  3 orcs (D:3)
  6 ball pythons
  9 endoplasms
  4 giant cockroaches
  6 goblins
  6 hobgoblins
  4 jackals (D:2)
  3 kobolds
  2 quokkas (D:1)
  4 bats
  7 rats
58 creatures vanquished.

Notes
Turn   | Place    | Note
-------+----------+-------------------------------------------
     0 | D:1      | LeprechaunX the Octopode Shapeshifter began the quest for
                  | the Orb.
     0 | D:1      | Reached XP level 1. HP: 13/13 MP: 1/1
   265 | D:1      | Reached XP level 2. HP: 18/18 MP: 2/2
   646 | D:2      | Reached XP level 3. HP: 23/23 MP: 3/3
  1134 | D:2      | Reached XP level 4. HP: 29/29 MP: 4/4
  1221 | D:2      | Reached skill level 4 in Unarmed Combat
  1354 | D:3      | Identified the +9 scale mail of Indemnity {*Slow rC- rN+++
                  | Will+}
  1528 | D:3      | Reached XP level 5. HP: 30/35 MP: 5/5
  1643 | D:3      | Found a large runed translucent door.
  1644 | D:3      | Found a large runed translucent door.
  1963 | D:3      | Found a hide-covered altar of Uskayaw.
  1966 | D:3      | Found a sparkling altar of Nemelex Xobeh.
  2052 | D:4      | Noticed Ijyb
  2065 | D:4      | Killed from afar by Ijyb

Illustrated notes

Levels and vault maps discovered:
D:1:      heliophobic_arrival_henge, layout_basic
D:2:      layout_loops_ring, minmay_small_reverse_x
D:3:      layout_loops_cross, jmf_multi_god_temple2, minmay_misc_feat_rugged,
          columned_hall_lemuel
D:4:      layout_gridville, minmay_temple_entry_wispy, minmay_hedge_maze,
          uniq_eustachio, uniq_robin, uniq_ijyb

Skill      XL: |  1  2  3  4 |
---------------+-------------+-----
Fighting       | 2 |  2.5
Unarmed Combat | 4 |  4.6
Dodging        | |  2.0
Shapeshifting  | |  3.6

Action                     |  1- 3 |  4- 6 || total
---------------------------+-------+-------++-------
  Melee: Unarmed           |    60 |    35 ||    95
         Constrict         |    17 |     6 ||    23
         Tentacles         |     9 |     6 ||    15
    Use: Potion            |       |     3 ||     3
   Stab: Sleeping          |     8 |     3 ||    11
 Armour: Skin              |     2 |    14 ||    16
  Dodge: Dodged            |    22 |    15 ||    37

Table legend: (Time is in decaauts)
 A = Elapsed time spent in this place.
 B = Non-inter-level travel time spent in this place.
 C = Inter-level travel time spent in this place.
 D = Time resting spent in this place.
 E = Time spent auto-exploring this place.
 F = Levels seen in this place.
 G = Mean time per level.
                   A        B        C        D        E       F      G
               +--------+--------+--------+--------+--------+-----+--------+
         Total |   2056 |   1974 |     82 |      0 |   1645 |   4 |  514.0 |
       Dungeon |   2056 |   1974 |     82 |      0 |   1645 |   4 |  514.0 |
               +--------+--------+--------+--------+--------+-----+--------+

Top non-repeatable levels by time:
     D:2: 704 daAuts
     D:3: 667 daAuts
     D:1: 642 daAuts
     D:4: 43 daAuts
